 Dungeon Crawl Stone Soup version 0.31.0-32-g396128a36d (webtiles) character file.

Game seed: 6581544205243057778

266 WackyWallWaker the Trooper (level 6, 0/45 HPs)
             Began as an Octopode Shapeshifter on Apr 8, 2024.
             Slain by an orc
             ... wielding a +0 club
              (4 damage)
             ... on level 5 of the Dungeon.
             The game lasted 00:04:08 (2504 turns).

WackyWallWaker the Trooper (Octopode Shapeshifter)  Turns: 2504, Time: 00:04:09

Health: 0/45       AC:  1    Str: 14    XL:     6   Next: 20%
Magic:  6/6        EV: 13    Int: 14    God:
Gold:   165        SH:  0    Dex: 11    Spells: 5/5 levels left

rFire   . .          .
                       - Unarmed
rCold   . . .        (no shield)
rNeg    . . .        (helmet currently unavailable)
rPois   .            (no amulet)
rElec   .            (no ring)
rCorr   .            (no ring)
SInv    .            (no ring)
Will    .....        (no ring)
Stlth   ++           (no ring)
HPRegen 0.27/turn    (no ring)
MPRegen 0.10/turn    (no ring)
                     (no ring)

%: no passive effects
@: about to teleport, beast-form
A: beast (slay +2), almost no armour, amphibious, 8 rings, camouflage 1,
gelatinous body 1, (nimble swimmer 1), tentacles
a: Begin Untransformation


You were on level 5 of the Dungeon.
You were a hulking beast.
You visited 1 branch of the dungeon, and saw 4 of its levels.

You collected 165 gold pieces.


Innate Abilities, Weirdness & Mutations

You are a hulking beast.
Your limbs bulge with bestial killing power. (Slay +2)
You cannot wear most types of armour.
You are amphibious.
You can wear up to eight rings at the same time.
Your skin changes colour to match your surroundings (Stealth+).
Your rubbery body absorbs attacks. (AC +1, EV +1)
((You are camouflaged when in or above water. (Stealth+)))
You have tentacles for arms and can constrict up to eight enemies at once.


   Skills:
 - Level 5.0 Fighting
 - Level 2.0 Dodging
 - Level 3.0 Unarmed Combat
 + Level 4.3 Shapeshifting


You had 5 spell levels left.
You didn't know any spells.
Your spell library contained the following spells:

 Spells                   Type           Power      Damage    Failure   Level
 Freeze                   Ice            0%         1d3       28%         1
 Frozen Ramparts          Ice            0%         1d1       65%         3
 Hailstorm                Conj/Ice       0%         3d5       65%         3

Inventory:

Armour
 l - a +1 hat
Talismans
 b - a beast talisman
 c - a flux talisman
Scrolls
 g - a scroll of teleportation {@r2}
 j - a scroll of acquirement {unknown}
 k - a scroll of vulnerability {unknown}
 n - a scroll of blinking {unknown}
 o - 2 scrolls of noise {unknown}
 q - a scroll of identify {unknown}
 r - a scroll of fog {unknown}
Potions
 d - a potion of cancellation
 f - a potion of mutation {unknown}
 h - a potion of might {unknown}
 i - a potion of curing {@q1}
 p - a potion of attraction {unknown}

Dungeon Overview and Level Annotations

Branches:
Dungeon (3/15)

Altars:
Sif Muna

Shops:
D:1

: #. #..o ....
#####.##.. ...
#.....(..... ..#
#..........###..#
#...........oo..#
#.........Y##.#
#..........##.#
#.....(.()oo).#
#.........h####
#........S.#
#..........#
#..........#
#..........#
#.########## #.
#. #.


You could see a water moccasin, an ice beast and 2 orcs.


Message History

It was a potion of curing.
You feel better.
Your transformation is almost over.
The orc priest hits you but does no damage.
The orc hits you but does no damage.
The orc throws a boomerang.
The boomerang barely misses you.
It was a potion of cancellation.
Your magical effects are unravelling.
You feel magically purged.
You feel less wooden.
You turn into a hulking beast.
The water moccasin hisses angrily.
The orc priest looks more healthy.
The orc closely misses you. The orc priest completely misses you.
The orc throws a boomerang.
The boomerang closely misses you. The orc priest misses you.
The orc hits you with a +0 club.
* * * LOW HITPOINT WARNING * * *
You see here a +0 dagger.
Unknown command.
You tentacle-slap the orc priest. You grab the orc priest.
You squeeze the orc priest.
You kill the orc priest!
The orc hits you with a +0 club.
* * * LOW HITPOINT WARNING * * *
The orc throws a boomerang.
The boomerang hits you.
* * * LOW HITPOINT WARNING * * *
As you read the scroll labelled LAROIS LYHOCI, it crumbles to dust.
You feel strangely unstable.
It was a scroll of teleportation.
The water moccasin bites you but does no damage.
The orc hits you with a +0 club.
You die...

Skill      XL: |  1  2  3  4  5  6 |
---------------+-------------------+-----
Fighting       | 2 3 4 5 |  5.0
Shapeshifting  | 4 |  4.3
Dodging        | |  2.0
Unarmed Combat | |  3.0

Action                     |  1- 3 |  4- 6 || total
---------------------------+-------+-------++-------
  Melee: Unarmed           |    53 |    69 ||   122
         Constrict         |    15 |    13 ||    28
         Tentacles         |    10 |    16 ||    26
         Punch             |     2 |     3 ||     5
  Throw: Dart              |     6 |     7 ||    13
    Use: Potion            |       |     5 ||     5
         Scroll            |       |     1 ||     1
   Stab: Sleeping          |     9 |       ||     9
 Armour: Skin              |    19 |    93 ||   112
  Dodge: Dodged            |    18 |    28 ||    46

Levels and vault maps discovered:
D:1:      beargit_arrival_greenhouse, layout_rooms,
          dreamdust_ecumenical_altar_angels_and_demons,
          hangedman_feature_mirror, minmay_misc_feat_columns,
          nicolae_shop_vocational
D:2:      layout_loops_cross, minmay_pentomino_x2, uniq_natasha, uniq_terence
D:3:      layout_basic, mainiacjoe_overflow_paths
D:5:      cheibrodos_fzero, layout_basic, pf_guarded_unrand_delatra

Notes
Turn   | Place    | Note
-------+----------+-------------------------------------------
     0 | D:1      | WackyWallWaker the Octopode Shapeshifter began the quest
                  | for the Orb.
     0 | D:1      | Reached XP level 1. HP: 13/13 MP: 1/1
   115 | D:1      | Reached skill level 2 in Fighting
   115 | D:1      | Reached XP level 2. HP: 17/19 MP: 2/2
   342 | D:1      | Found Uvocvoik's Vocational Training.
   571 | D:1      | Found a faded altar of an unknown god.
   645 | D:1      | Reached XP level 3. HP: 25/25 MP: 3/3
   799 | D:2      | Reached skill level 3 in Fighting
  1032 | D:2      | Noticed Terence
  1044 | D:2      | Killed Terence
  1045 | D:2      | Reached XP level 4. HP: 33/33 MP: 4/4
  1312 | D:2      | Noticed Natasha
  1323 | D:2      | Killed Natasha
  1324 | D:2      | Reached skill level 4 in Fighting
  1414 | D:2      | Noticed Natasha
  1418 | D:2      | Killed Natasha
  1419 | D:2      | Reached XP level 5. HP: 27/38 MP: 5/5
  1806 | D:2      | Noticed Natasha
  1811 | D:2      | Killed Natasha
  1812 | D:2      | Reached skill level 5 in Fighting
  2179 | D:3      | Found a shimmering blue altar of Sif Muna.
  2428 | D:3      | You fall into a shaft and drop 2 floors!
  2428 | D:5      | Entered Level 5 of the Dungeon
  2468 | D:5      | HP: 3/39 [something/magic dart (5)]
  2469 | D:5      | HP: 1/39 [something (2)]
  2470 | D:5      | Noticed an ice beast
  2480 | D:5      | Reached XP level 6. HP: 32/45 MP: 6/6
  2494 | D:5      | Reached skill level 4 in Shapeshifting
  2499 | D:5      | Noticed a water moccasin
  2503 | D:5      | HP: 4/45 [orc/boomerang (3)]
  2504 | D:5      | Slain by an orc

Vanquished Creatures
  A howler monkey (D:5)
  An orc priest (D:5)
  Terence (D:2)
  Natasha (thrice) (D:2)
  An orc wizard (D:5)
  An ufetubus (D:5)
  4 ribbon worms
  A dart slug (D:1)
  6 orcs (D:5)
  A bat (D:2)
  4 endoplasms
  5 goblins
  6 hobgoblins
  2 quokkas
  5 ball pythons
  6 frilled lizards
  4 kobolds
  2 rats
54 creatures vanquished.

Table legend: (Time is in decaauts)
 A = Elapsed time spent in this place.
 B = Non-inter-level travel time spent in this place.
 C = Inter-level travel time spent in this place.
 D = Time resting spent in this place.
 E = Time spent auto-exploring this place.
 F = Levels seen in this place.
 G = Mean time per level.
                   A        B        C        D        E       F      G
               +--------+--------+--------+--------+--------+-----+--------+
         Total |   2496 |   2457 |     39 |    176 |   1911 |   4 |  624.0 |
       Dungeon |   2496 |   2457 |     39 |    176 |   1911 |   4 |  624.0 |
               +--------+--------+--------+--------+--------+-----+--------+

Top non-repeatable levels by time:
     D:2: 1348 daAuts
     D:1: 766 daAuts
     D:3: 308 daAuts
     D:5: 74 daAuts

Table legend:
 A = Non-vault XP
 B = Vault XP
 C = Vault XP percentage of total XP
 D = Non-vault monster count
 E = Vault monster count
 F = Vault count percentage of total count
                 A         B        C        D         E       F
            +---------+---------+-------+---------+---------+-------
      Total |     295 |      85 |  22.4 |      47 |       7 |  13.0
            +---------+---------+-------+---------+---------+-------
        D:1 |      31 |       6 |  16.2 |      18 |       4 |  18.2
        D:2 |     100 |      71 |  41.5 |      14 |       2 |  12.5
        D:3 |      15 |       0 |   0.0 |       6 |       0 |   0.0
        D:5 |     149 |       8 |   5.1 |       9 |       1 |  10.0
            +---------+---------+-------+---------+---------+-------
